 Dungeon Crawl Stone Soup version 0.31.0-11-ge490571c62 (webtiles) character file.

Game seed: 8603756578105645397

26 qw the Shooter (level 2, 0/14 HPs)
             Began as a Spriggan Hunter on Feb 3, 2024.
             Succumbed to an adder's poison
             ... on level 2 of the Dungeon.
             The game lasted 00:00:02 (562 turns).

qw the Shooter (Spriggan Hunter)                     Turns: 562, Time: 00:00:02

Health: 0/14       AC:  2    Str:  7    XL:     2   Next: 89%
Magic:  3/3        EV: 19    Int: 10    God:
Gold:   27         SH:  0    Dex: 18    Spells: 1/1 levels left

rFire   . . .        a - +0 shortbow
rCold   . . .        (shield currently unavailable)
rNeg    . . .        c - +0 robe
rPois   .            (helmet restricted)
rElec   .            (no cloak)
rCorr   .            (gloves unavailable)
SInv    +            (boots unavailable)
Will    .....        (no amulet)
Stlth   ++           (no ring)
HPRegen 0.22/turn    (no ring)
MPRegen 0.08/turn

%: no passive effects
@: lethally poisoned (0 -> -3), very quick
A: very small, no large weapons, unfitting armour, see invisible, speed 3
a: no special abilities


You were on level 2 of the Dungeon.
You visited 1 branch of the dungeon, and saw 2 of its levels.

You collected 27 gold pieces.


Innate Abilities, Weirdness & Mutations

You are very small and have problems with some larger weapons.
You are too small for most types of armour.
You have supernaturally acute eyesight. (SInv)
You cover ground extremely quickly. (Speed+++)


   Skills:
 - Level 1.5 Fighting
 + Level 4.3 Ranged Weapons
 - Level 4.0 Dodging
 - Level 1.5 Stealth


You had one spell level left.
You didn't know any spells.
Your spell library was empty.

Inventory:

Hand Weapons
 a - a +0 shortbow (weapon)
Armour
 c - a +0 robe (worn)
Potions
 d - a potion of might {unknown}
 e - a potion of curing {unknown}
 f - a potion of enlightenment {unknown}

Dungeon Overview and Level Annotations

Branches:
Dungeon (2/15)

Altars:


Message History

What level of the Dungeon? (default 1, ? - help)
You swap places.
There is a stone staircase leading down here.
You climb downwards.
Your summoned allies are left behind.
Found 13 gold pieces.
There is a stone staircase leading up here.
Waypoint 1 assigned to D:2.
Found 7 stones.
An adder comes into view.
You shoot an arrow. The arrow hits the adder.
The adder hisses angrily.
The adder is moderately wounded.
You shoot an arrow. The arrow misses the adder.
You shoot an arrow. The arrow hits the adder.
The adder is severely wounded.
The adder bites you.
You are poisoned.
The adder poisons you!
You shoot an arrow. The arrow closely misses the adder.
You feel sick. The adder bites you.
You are lethally poisoned!
The adder poisons you!
You shoot an arrow.
The arrow hits the adder but does no damage.
The adder is severely wounded.
You feel very sick. The adder barely misses you. The adder misses you.
You shoot an arrow. The arrow hits the adder.
The adder is severely wounded.
You feel very sick. The adder completely misses you.
The adder bites you but does no damage.
You shoot an arrow. The arrow misses the adder.
You feel sick. The adder misses you.
You shoot an arrow. The arrow misses the adder.
You feel sick. The adder bites you but does no damage.
The adder completely misses you.
You shoot an arrow.
The arrow hits the adder but does no damage.
The adder is severely wounded.
You die...

#..# .~ #.. ~~~
#.. .~~~ #..
#~~~~ ###.##
...~~~
.....####.#~.~~
###.##.......~.~
#..<....@$...~~~
#####...S....~~~
#........~~.
#...##...~.~
###.# ...~~~ #..
..~~~~ .(.#
..~~~ ...# .#..~


You could see an adder.

Vanquished Creatures
  2 dart slugs (D:1)
  2 bats (D:1)
  3 endoplasms (D:1)
  3 goblins (D:1)
  2 hobgoblins (D:1)
  A kobold (D:1)
  3 quokkas (D:1)
  A ball python (D:1)
  2 frilled lizards (D:1)
19 creatures vanquished.

Notes
Turn   | Place    | Note
-------+----------+-------------------------------------------
     0 | D:1      | qw the Spriggan Hunter began the quest for the Orb.
     0 | D:1      | Reached XP level 1. HP: 10/10 MP: 2/2
     0 | D:1      | 0 ||| qw: Version: 0.3-a-157-g843a77d
     0 | D:1      | 0 ||| qw: Game counter: 3800
     0 | D:1      | 0 ||| qw: Melee chars always use a shield: true
     0 | D:1      | 0 ||| qw: God list: Okawaru
     0 | D:1      | 0 ||| qw: Allow faded altars: false
     0 | D:1      | 0 ||| qw: Do Orc after clearing Dungeon:15 true
     0 | D:1      | 0 ||| qw: Do second Lair branch before Depths: true
     0 | D:1      | 0 ||| qw: Lair rune preference: random
     0 | D:1      | 0 ||| qw: Goals: Normal
     0 | D:1      | 0 ||| PLANNING D:1-11
    63 | D:1      | Reached skill level 3 in Dodging
   134 | D:1      | Found a faded altar of an unknown god.
   158 | D:1      | Reached XP level 2. HP: 10/14 MP: 3/3
   538 | D:1      | 538 ||| READING scroll labelled WUABYR KUWNO.
   539 | D:1      | 539 ||| READING scroll labelled UREZXO YCKOVI.
   540 | D:1      | 540 ||| READING scroll labelled FIFFAI NIECS.
   541 | D:1      | 541 ||| DROPPING scroll of butterflies.
   559 | D:2      | HP: 3/14 [poisoned by an adder]
   560 | D:2      | HP: 1/14 [poisoned by an adder]
   562 | D:2      | Succumbed to an adder's poison

Levels and vault maps discovered:
D:1:      mrwooster_arrival_statue_2, layout_rooms, basic_ecumenical_altar
D:2:      layout_basic, chequers_serial_rivers_large_a, uniq_crazy_yiuf_cottage

Skill      XL: |  1  2 |
---------------+-------+-----
Dodging        | 3 4 |  4.0
Fighting       | |  1.5
Ranged Weapons | |  4.3
Stealth        | |  1.5

Action                     || total
---------------------------++-------
   Fire: Shortbow          ||    74
    Use: Scroll            ||     3
 Armour: Robe              ||    13
  Dodge: Dodged            ||    24

Table legend:
 A = Non-vault XP
 B = Vault XP
 C = Vault XP percentage of total XP
 D = Non-vault monster count
 E = Vault monster count
 F = Vault count percentage of total count
                 A         B        C        D         E       F
            +---------+---------+-------+---------+---------+-------
      Total |      38 |       0 |   0.0 |      19 |       0 |   0.0
            +---------+---------+-------+---------+---------+-------
        D:1 |      38 |       0 |   0.0 |      19 |       0 |   0.0
            +---------+---------+-------+---------+---------+-------
